 Dungeon Crawl Stone Soup version 0.29.1-1-gd02db6906a (webtiles) character file.

Game seed: 6608003173876987943

14568 gzilladon the Severer (level 12, -10/103 (106) HPs)
             Began as a Hill Orc Monk on Sept 27, 2022.
             Was an Elder of Beogh.
             Killed from afar by an orc sorcerer (18 damage)
             ... with a bolt of negative energy
             ... on level 2 of the Orcish Mines.
             The game lasted 00:53:58 (13811 turns).

gzilladon the Severer (Hill Orc Monk)              Turns: 13811, Time: 00:54:01

HP:   -10/103 (106) AC: 16    Str: 29    XL:     12   Next: 17%
MP:   12/19         EV: 11    Int: 16    God:    Beogh [****..]
Gold: 1025          SH:  4    Dex: 17    Spells: 11/11 levels left

rFire   + . .      SeeInvis .   m - +5 hand axe "Fuarph" {drain, Will+ Str+4 Dex+4}
rCold   + . .      Faith    .   Z - +0 buckler
rNeg    . . .      Spirit   .   a - +0 chain mail
rPois   .          Reflect  .   q - +1 helmet
rElec   .          Harm     .   T - scarf {rC+ rF+}
rCorr   .          Rampage  .   u - +0 pair of gloves
Will    +....                   (no boots)
Stlth   ..........              (no amulet)
HPRegen 0.27/turn               E - +6 ring of strength
MPRegen 0.16/turn               w - +6 ring of intelligence

@: lightly drained
A: no striking features
a: Renounce Religion, Smiting, Recall Orcish Followers


You were on level 2 of the Orcish Mines.
You worshipped Beogh.
Beogh was greatly pleased with you.
You visited 3 branches of the dungeon, and saw 15 of its levels.

You collected 1165 gold pieces.
You spent 140 gold pieces at shops.

Inventory:

Hand Weapons
 m - the +5 hand axe "Fuarph" (weapon) {drain, Will+ Str+4 Dex+4}
   (You took it off a hobgoblin on level 2 of the Dungeon)

   A truly terrible weapon, it drains the life of any living foe it strikes.
   Str:       It affects your strength (+4).
   Dex:       It affects your dexterity (+4).
   Will:      It increases your willpower.
 I - a +1 spear
 O - a +3 hand axe
 S - a +1 war axe
Missiles
 e - 96 stones (quivered)
 k - 19 poisoned darts
 n - 7 javelins
 K - a boomerang
Armour
 a - a +0 chain mail (worn)
 b - a +0 robe
 f - a +0 scale mail
 q - a +1 helmet (worn)
 u - a +0 pair of gloves (worn)
 T - a scarf of resistance (worn)
 X - +0 acid dragon scales
 Z - a +0 buckler (worn)
Magical Staves
 c - a staff of conjuration
 C - a staff of poison
Jewellery
 j - a +4 ring of evasion
 p - a +6 ring of intelligence
 w - a +6 ring of intelligence (right hand)
 y - a ring of willpower
 z - an amulet of regeneration
 E - a +6 ring of strength (left hand)
 L - a ring of willpower
 Q - a ring of resist corrosion
Wands
 r - a wand of digging (1)
 J - a wand of roots (15)
 P - a wand of polymorph (5)
 R - a wand of light (11)
 V - a wand of paralysis (6)
Scrolls
 d - 9 scrolls of teleportation
 l - 3 scrolls of poison {unknown}
 t - 2 scrolls of fear {unknown}
 x - 2 scrolls of brand weapon {unknown}
 A - a scroll of enchant weapon
 B - 2 scrolls of blinking {unknown}
 D - 2 scrolls of noise {unknown}
 U - 2 scrolls of enchant armour
Potions
 g - 6 potions of attraction
 h - 2 potions of lignification {unknown}
 i - a potion of might {unknown}
 o - 4 potions of flight
 s - 6 potions of curing
 v - a potion of cancellation {unknown}
 F - a potion of degeneration {unknown}
 G - 2 potions of brilliance {unknown}
 H - a potion of resistance {unknown}
 M - 2 potions of haste {unknown}
 N - a potion of invisibility {unknown}
 W - 2 potions of heal wounds
Miscellaneous
 Y - a lightning rod (4/4)


   Skills:
 * Level 9.9 Fighting
 + Level 15.0 Axes
 + Level 11.6 Armour
 + Level 4.5 Dodging
 - Level 1.5 Stealth
 * Level 10.0 Invocations


You had 11 spell levels left.
You didn't know any spells.
Your spell library contained the following spells:

 Spells                   Type           Power      Damage    Failure   Level
 Apportation              Tloc           0%         N/A       80%         1
 Summon Small Mammal      Summ           0%         N/A       80%         1
 Ensorcelled Hibernation  Hex/Ice        0%         N/A       90%         2
 Passwall                 Tmut/Erth      0%         N/A       90%         2
 Call Canine Familiar     Summ           0%         N/A       99%         3
 Confusing Touch          Hex            0%         N/A       99%         3
 Ozocubu's Armour         Ice            0%         N/A       99%         3
 Summon Guardian Golem    Hex/Summ       0%         N/A       99%         3
 Swiftness                Air            0%         N/A       99%         3
 Alistair's Intoxication  Tmut/Pois      0%         N/A       100%        5
 Yara's Violent Unravell  Hex/Tmut       0%         3d3       100%        5
 Enfeeble                 Hex            0%         N/A       100%        7
 Ozocubu's Refrigeration  Ice            0%         4d7       100%        7


Dungeon Overview and Level Annotations

Branches:
Dungeon (12/15)            Temple (0/1) D:6            Lair (1/5) D:8
    Orc (2/2) D:12            Elf (0/3) Orc:2

Altars:
Hepliaklqana
Okawaru
Sif Muna

Shops:
D:10 !   Orc:2 [[

Portals:
Sewer: D:4

Annotations:
D:7 2 runed translucent doors


Message History

Your orc knight dies!
Your life force feels restored.
Your Invocations skill increases to level 10!
You swap places.
Your orc warrior no longer looks unusually strong.
Your orc warrior hits the orc sorcerer from afar with a +0 trident!!
The orc sorcerer barely misses your orc warrior.
The orc high priest invokes the aid of Beogh against you.
Beogh smites you!
* * * LOW HITPOINT WARNING * * *
You swap places.
The sixfirhy disappears in a puff of smoke!
Your orc warrior misses the orc sorcerer.
Your orc sorcerer casts a spell at the orc sorcerer.
The bolt of negative energy hits your orc warrior!!
Your orc warrior is drained!
The bolt of negative energy hits the orc sorcerer!
The orc sorcerer is drained!
The bolt of negative energy hits the orc sorcerer!!
The orc sorcerer is drained!
The orc sorcerer dies!
Beogh accepts your kill.
The soul eater disappears in a puff of smoke!
The ice devil disappears in a puff of smoke!
The hellwing disappears in a puff of smoke!
The bolt of negative energy hits the orc high priest!
The orc high priest is drained!
The orc high priest mumbles some strange prayers to Beogh against your orc sorcerer.
Your orc sorcerer is smitten.
An orc warrior comes into view. It is wielding a +0 trident.
The orc high priest prays.
The orc sorcerer points at your orc sorcerer and mumbles some strange words.
The bolt of negative energy hits your orc warrior!!
Your orc warrior is drained!
Your orc warrior dies!
The bolt of negative energy hits your orc sorcerer!!
Your orc sorcerer is drained!
The bolt of negative energy hits you!!
You feel drained.
You die...
Beogh appreciates the orc sorcerer's killing of a heretic priest.

.....# .##.........##. .....#
.......ยง....... ...#.#
#..3..o4....# )....#
#.3ooooo3.# .....# #o.o3o.)#
.....# #o# .....# #)# .....#
#o# .....# #@# . .....#
...####o####...# .....#
#....ooo....# .....#
######3######
.....###########o##
................o.# ### ##
.............oo..## ##.###.##
..............#.#####
##.......#
.............#####..###.#..)..#


You could see an orc knight (strong), 2 orc high priests, an orange demon
(summoned), a sixfirhy (summoned), 2 orc sorcerers, 2 orc warriors, a friendly
neqoxec (summoned), a friendly orc sorcerer (strong, drained), 3 friendly orc
warriors, a friendly orc priest (strong), a friendly orc wizard (strong,
invisible) and a friendly orc (strong).

Vanquished Creatures
  Urug (Lair:1)
  An orc high priest (Orc:2)
  An orc knight (Orc:2)
  A cyclops (D:11)
  A gargoyle (D:10)
  A cane toad (Lair:1)
  An unseen horror (D:11)
  Maggie (D:10)
  A kobold demonologist (D:12)
  2 trolls (D:9)
  2 blink frogs (Lair:1)
  A slime creature (D:12)
  A wraith (D:11)
  A fire bat (Lair:1)
  2 wyverns (D:7)
  4 yaks (D:10)
  5 vampire mosquitoes (D:11)
  2 steam dragons
  2 water moccasins
  3 orc warriors
  A black bear (D:6)
  4 ogres
  A wolf (D:8)
  A centaur (D:12)
  A bullfrog (D:8)
  A kobold brigand (D:9)
  A gnoll sergeant (D:11)
  5 scorpions
  A necrophage (D:4)
  2 wights (D:9)
  5 killer bees (D:9)
  2 howler monkeys (D:9)
  A hound (D:6)
  A jelly (D:7)
  An orc priest (D:7)
  2 iguanas
  4 orc wizards
  Robin (D:2)
  5 gnolls
  10 adders
  A shadow imp (D:6)
  2 white imps
  A worm (D:4)
  2 dart slugs
  20 orcs
  6 ball pythons
  7 bats
  7 endoplasms
  4 giant cockroaches
  10 goblins
  14 hobgoblins
  2 jackals (D:4)
  5 quokkas
  5 frilled lizards
  7 kobolds
  5 rats
182 creatures vanquished.

Vanquished Creatures (collateral kills)
  A hydra (D:12)
  Erica (Lair:1)
  A centaur warrior (D:10)
  3 two-headed ogres
  An orc sorcerer (Orc:2)
  A manticore (D:11)
  An ugly thing (D:12)
  Maurice (D:8)
  Joseph (Lair:1)
  A black mamba (Lair:1)
  2 komodo dragons
  2 trolls
  A wolf spider simulacrum (D:12)
  2 slime creatures (D:12)
  A hornet (D:9)
  2 blink frogs (Lair:1)
  2 vampires
  2 fire bats (Lair:1)
  Grum (D:8)
  2 yaks (D:10)
  A vampire mosquito (D:11)
  A steam dragon (D:9)
  A water moccasin (Lair:1)
  3 orc warriors
  A sky beast (D:8)
  2 ogres (Orc:2)
  A centaur (D:9)
  3 wolves (D:8)
  A bullfrog (Lair:1)
  A wight (D:9)
  2 electric eels (D:9)
  A gnoll bouda (D:8)
  2 orc priests
  7 orc wizards
  5 gnolls
  A white imp (D:8)
  6 orcs
  4 goblins (D:8)
72 creatures vanquished.

Vanquished Creatures (others)
  2 orc knights
  3 orc warriors (Orc:2)
  2 orc priests (Orc:2)
  6 orc wizards
  20 orcs
  A goblin (D:4)
  A ball python (D:4)
  3 plants (D:9)
38 creatures vanquished.

Grand Total: 292 creatures vanquished

Notes
Turn   | Place    | Note
-------+----------+-------------------------------------------
     0 | D:1      | gzilladon the Hill Orc Monk began the quest for the Orb.
     0 | D:1      | Reached XP level 1. HP: 19/19 MP: 1/1
   279 | D:1      | Reached XP level 2. HP: 23/27 MP: 2/2
   771 | D:2      | Reached XP level 3. HP: 28/34 MP: 3/3
  1002 | D:2      | Identified the +5 hand axe "Fuarph" {drain, Will+ Str+4
                  | Dex+4}
  1217 | D:2      | Reached XP level 4. HP: 37/38 MP: 4/4
  1220 | D:2      | Reached skill level 5 in Axes
  1246 | D:2      | Noticed Robin
  1263 | D:2      | Killed Robin
  1625 | D:2      | Reached skill level 1 in Armour
  2323 | D:3      | Reached XP level 5. HP: 46/47 MP: 5/5
  2571 | D:3      | Found a faded altar of an unknown god.
  2576 | D:3      | Found an iron altar of Okawaru.
  2653 | D:4      | Reached skill level 6 in Axes
  2701 | D:4      | Reached skill level 5 in Fighting
  2840 | D:4      | Reached XP level 6. HP: 55/56 MP: 6/6
  2882 | D:4      | Found a glowing drain.
  2952 | D:4      | Reached skill level 7 in Axes
  3065 | D:4      | Became a worshipper of Beogh the Brigand
  3065 | D:4      | Reached * piety under Beogh
  3065 | D:4      | Reached ** piety under Beogh
  3252 | D:5      | Entered Level 5 of the Dungeon
  3293 | D:5      | Reached skill level 8 in Axes
  3293 | D:5      | Reached XP level 7. HP: 61/61 MP: 7/7
  3343 | D:5      | Found a shimmering blue altar of Sif Muna.
  3375 | D:5      | Reached skill level 1 in Invocations
  3661 | D:5      | You fall into a shaft and drop 1 floor!
  3670 | D:6      | Found a staircase to the Ecumenical Temple.
  3771 | D:6      | Reached skill level 9 in Axes
  4166 | D:6      | Reached XP level 8. HP: 69/69 MP: 9/9
  5156 | D:7      | Reached skill level 10 in Axes
  5159 | D:7      | Reached *** piety under Beogh
  5175 | D:7      | Noticed a wyvern
  5175 | D:7      | Noticed a wyvern
  5184 | D:7      | Killed a wyvern
  5186 | D:7      | Killed a wyvern
  5318 | D:7      | Found a runed translucent door.
  5320 | D:7      | Found a runed translucent door.
  5387 | D:7      | Reached skill level 11 in Axes
  5387 | D:7      | Reached skill level 5 in Armour
  5552 | D:8      | Noticed Maurice
  5675 | D:8      | Reached XP level 9. HP: 46/75 MP: 12/12
  5814 | D:8      | Noticed Grum
  5826 | D:8      | Killed Grum
  6372 | D:8      | Reached skill level 5 in Invocations
  6644 | D:8      | Killed Maurice
  6830 | D:8      | Found a staircase to the Lair.
  6941 | Lair:1   | Entered Level 1 of the Lair of Beasts
  6941 | Lair:1   | Noticed a cane toad
  6942 | Lair:1   | Noticed Joseph
  6995 | D:9      | Reached skill level 12 in Axes
  6997 | D:9      | Noticed a two-headed ogre
  7002 | D:9      | Killed a two-headed ogre
  7203 | D:9      | Noticed a troll
  7212 | D:9      | Killed a troll
  7213 | D:9      | Reached XP level 10. HP: 81/86 MP: 14/14
  7324 | D:9      | Paralysed by a hornet for 3 turns
  7632 | D:9      | Noticed a two-headed ogre
  7641 | D:9      | Killed a two-headed ogre
  8184 | D:10     | Entered Level 10 of the Dungeon
  8629 | D:10     | Found Pujeici's Distillery.
  8664 | D:10     | Bought 2 potions of heal wounds for 140 gold pieces
  8720 | D:10     | Reached skill level 13 in Axes
  8720 | D:10     | Reached **** piety under Beogh
  8734 | D:10     | Noticed Maggie
  8743 | D:10     | Killed Maggie
  8829 | D:10     | Noticed a gargoyle
  8843 | D:10     | Killed a gargoyle
  9420 | D:10     | Noticed a centaur warrior
  9430 | D:10     | Killed a centaur warrior
  9622 | D:11     | Noticed a manticore
  9627 | D:11     | Killed a manticore
  9660 | D:11     | Reached XP level 11. HP: 55/95 MP: 17/17
 10100 | Lair:1   | Killed Joseph
 10312 | Lair:1   | Noticed Urug
 10322 | Lair:1   | Killed Urug
 10505 | Lair:1   | Reached skill level 10 in Armour
 10536 | Lair:1   | Reached skill level 14 in Axes
 10543 | Lair:1   | Found a hazy altar of Hepliaklqana.
 10659 | Lair:1   | Noticed Erica
 10667 | Lair:1   | Killed Erica
 11354 | D:11     | Noticed a cyclops
 11362 | D:11     | Killed a cyclops
 11896 | D:12     | Noticed a two-headed ogre
 11901 | D:12     | Killed a two-headed ogre
 11965 | D:12     | Noticed a seven-headed hydra
 11979 | D:12     | Killed a nine-headed hydra
 12466 | D:12     | Noticed a purple ugly thing
 12474 | D:12     | Killed a purple ugly thing
 12499 | D:12     | Reached XP level 12. HP: 67/105 MP: 19/19
 12517 | D:12     | Found a staircase to the Orcish Mines.
 12858 | Orc:1    | Entered Level 1 of the Orcish Mines
 12964 | Orc:2    | Entered Level 2 of the Orcish Mines
 12973 | Orc:2    | Found a staircase to the Elven Halls.
 13434 | Orc:2    | Reached skill level 15 in Axes
 13795 | Orc:2    | Noticed an orc high priest
 13795 | Orc:2    | Noticed an orc high priest
 13795 | Orc:2    | Noticed an orc high priest
 13798 | Orc:2    | Found Ixaemuv's Antique Armour Shoppe.
 13798 | Orc:2    | Found Akliq's Antique Armour Shoppe.
 13798 | Orc:2    | Noticed a soul eater
 13806 | Orc:2    | HP: 3/102 [orc sorcerer/bolt of negative energy (22)]
 13809 | Orc:2    | Killed an orc high priest
 13810 | Orc:2    | Reached skill level 10 in Invocations
 13811 | Orc:2    | Killed from afar by an orc sorcerer

Illustrated notes

Levels and vault maps discovered:
D:1:      amcnicky_arrival_gap_in_the_tavern_cellar, layout_basic,
          minmay_misc_feat_nine_boxes
D:2:      layout_loops_ring, uniq_robin
D:3:      layout_loops_cross, nicolae_overflow_ecumenical_swirl,
          kennysheep_big_empty_room, minmay_tree_intersection
D:4:      layout_basic, gup_sewer_entry_glass
D:5:      layout_cave_pools, mainiacjoe_overflow_alcove_2
D:6:      layout_basic, minmay_temple_entry_from_below_a
D:7:      lemuel_insect_pit, layout_cave_pools, kennysheep_small_circle
D:8:      layout_basic, lair_entry_dummy, serial_curves, eino_curves_01,
          eino_curves_02, eino_curves_02, eino_curves_01, enter_bailey_3,
          uniq_maurice, uniq_grum
D:9:      layout_cave_pools, serial_bayou_pond_b
D:10:     layout_roguey, serial_shops, nicolae_diamond_shop, wad_dig_loot,
          uniq_maggie
D:11:     layout_roguey
D:12:     layout_cave_pools, david_orc_2, nrook_uturn, uniq_erolcha
Lair:1:   lemuel_reptile_caves, layout_cave_shapes,
          nicolae_volcano_entry_batcave, basic_altar, st_stairs_11, uniq_urug,
          uniq_joseph, uniq_erica
Orc:1:    layout_diamond_mine, nicolae_orc_lava_room
Orc:2:    st_orc_elflike, layout_caves

Skill      XL: |  1  2  3  4  5  6  7  8  9 10 11 12 |
---------------+-------------------------------------+-----
Fighting       | 4 5 6 7 8 9 |  9.9
Axes           | 5 6 8 9 11 12 13 14 15 | 15.0
Armour         | 1 2 3 5 7 9 11 | 11.6
Invocations    | 2 4 6 8 9 10 | 10.0
Dodging        | 3 4 |  4.5
Stealth        | |  1.5

Action                   |  1- 3 |  4- 6 |  7- 9 | 10-12 || total
-------------------------+-------+-------+-------+-------++-------
Melee: Hand axe          |   116 |   125 |   142 |   252 ||   635
       Punch             |       |     2 |       |     3 ||     5
Invok: Convert to Beogh  |       |     1 |       |       ||     1
       Smiting           |       |       |       |     7 ||     7
  Use: Potion            |     1 |       |     1 |     4 ||     6
       Scroll            |       |     5 |     1 |     1 ||     7
 Stab: Distracted        |       |       |       |     5 ||     5
       Paralysed         |       |       |       |     4 ||     4
       Confused          |       |       |       |     2 ||     2
Armor: Scale mail        |    58 |    36 |    85 |    49 ||   228
       Robe              |     2 |       |       |       ||     2
       Chain mail        |       |       |       |   103 ||   103
Dodge: Dodged            |    65 |    55 |   107 |   136 ||   363
Block: Buckler           |       |       |       |     3 ||     3
